Crunch vs Pirates

Created - Tuesday, January 27, 2015 at 23:51

Goals
1 2 3 OT1 SO T
Crunch 0 1 0 0 1 1
Pirates 0 0 1 0 2 2
Shots
1 2 3 OT1 SO T
Crunch 7 6 8 3 3 24
Pirates 9 3 8 2 3 22

1st period

No Goal

Penalties :
Karl Stollery (SYR) for Hooking (Minor) at 1:48

2nd period

1. Crunch , Anton Zlobin 1 (Travis Oleksuk, Nick Jensen) at 2:39

Penalties :
Andrew Alberts (POR) for Holding (Minor) at 9:48

3rd period

2. Pirates , Eric Tangradi 24 (Nick Johnson, David Steckel) at 4:04 (PP)

Penalties :
Danny Syvret (SYR) for High sticking (Minor) at 2:51

Overtime #1

No Goal

Penalties :
No Penalty

Shootout

Penalty Shot by Andre Petersson for Crunch - Stopped by Mike McKenna
Penalty Shot by Nick Johnson for Pirates - Goal!
Penalty Shot by Ryan Strome for Crunch - Stopped by Mike McKenna
Penalty Shot by David Steckel for Pirates - Stopped by Richard Bachman
Penalty Shot by Eriah Hayes for Crunch - Goal!
Penalty Shot by Brandon Segal for Pirates - Goal!

Penalties :
No Penalty

Goalie Stats

Richard Bachman (SYR), 21 saves from 22 shots - (0.955), OTL, 17-7-3, 65:00 minutes
Mike McKenna (POR), 23 saves from 24 shots - (0.958), W, 15-3-2, 65:00 minutes

Players Stats for Crunch

Player Name              G  A  P  +/- PIM S  H  SB GA TA FO     MP     PP MP  PK MP  
------------------------------------------------------------------------------------
Andre Petersson          0  0  0   0  0   0  4  2  0  0  0/0    16:13   1:06   0:00 
Anton Zlobin             1  0  1   1  0   3  0  0  0  1  0/0    11:48   0:00   0:00 
Brett Skinner            0  0  0   1  0   0  1  1  0  1  0/0    20:39   0:00   3:12 
Brodie Reid              0  0  0   0  0   1  2  0  0  0  0/1    12:18   0:00   0:00 
Chad Billins             0  0  0   0  0   1  2  3  0  4  0/0    23:27   1:06   0:00 
Corban Knight            0  0  0   0  0   1  0  0  0  1  3/5    16:25   0:53   0:00 
Danny Syvret             0  0  0   0  2   1  0  0  0  1  0/0    23:26   1:06   0:00 
Eriah Hayes              0  0  0   0  0   1  1  0  2  0  0/1    16:04   0:53   0:00 
Jordin Tootoo            0  0  0   0  0   5  2  0  3  2  0/2    17:32   0:53   0:00 
Karl Stollery            0  0  0   0  2   0  0  0  0  1  0/0    21:18   0:53   0:00 
Matt Lindblad            0  0  0   0  0   1  2  1  1  1  1/3    14:49   0:00   1:18 
Nick Jensen              0  1  1   1  0   1  2  1  0  3  0/0    20:39   0:00   3:12 
Phillip Danault          0  0  0   0  0   1  1  1  0  1  3/6    15:56   0:00   1:18 
Ryan Strome              0  0  0   0  0   1  1  0  7  0  10/18  18:57   1:06   0:00 
Stanislav Galiev         0  0  0   1  0   2  1  0  4  0  0/0    13:42   0:00   1:54 
Taylor Pyatt             0  0  0   0  0   0  1  2  4  0  1/1    18:57   1:06   0:00 
Travis Oleksuk           0  1  1   1  0   4  1  0  3  0  4/8    13:42   0:00   1:54 
Zach Trotman             0  0  0   0  0   1  1  2  0  1  0/0    20:54   0:53   0:00 

Players Stats for Pirates

Player Name              G  A  P  +/- PIM S  H  SB GA TA FO     MP     PP MP  PK MP  
------------------------------------------------------------------------------------
Alex Broadhurst          0  0  0   0  0   2  2  0  2  1  4/7    14:17   0:00   0:00 
Andrew Alberts           0  0  0   0  2   0  2  1  0  2  0/0    27:05   1:37   0:00 
Arron Asham              0  0  0   0  0   3  0  0  0  1  0/2    20:24   2:00   1:16 
Brandon Segal            0  0  0   0  0   1  1  1  3  1  0/0    18:25   2:00   0:00 
Dan Kelly                0  0  0  -1  0   0  3  1  0  3  0/0    29:31   1:35   0:44 
David Steckel            0  1  1  -1  0   0  1  0  1  0  2/4    24:33   1:12   0:43 
Duncan Siemens           0  0  0   0  0   0  1  0  1  1  0/0    10:52   0:00   1:15 
Eric Tangradi            1  0  1  -1  0   2  2  0  1  1  0/0    17:09   1:12   0:00 
Gabriel Dumont           0  0  0   0  0   0  0  0  0  0  0/0     0:00   0:00   0:00 
Greg Rallo               0  0  0   0  0   3  2  0  7  0  0/0    13:52   0:00   0:00 
Henrik Tommernes         0  0  0   0  0   1  2  3  0  3  0/0    28:13   1:37   1:15 
Nick Johnson             0  1  1   0  0   1  1  1  6  1  1/2    22:56   1:12   0:00 
Ryan Craig               0  0  0  -1  0   2  3  0  3  0  0/3    20:28   2:00   1:10 
Ryan Stoa                0  0  0   0  0   1  2  1  0  0  8/13   15:37   0:00   0:00 
Shane Harper             0  0  0   0  0   0  0  0  0  0  0/0     0:00   0:00   0:00 
Tobias Rieder            0  0  0   0  0   4  2  1  3  1  8/14   19:58   0:00   0:49 
Tyler Cuma               0  0  0   0  0   0  0  0  0  1  0/0     4:54   0:00   0:00 
Vincent LoVerde          0  0  0  -1  0   2  3  0  0  0  0/0    29:46   1:35   0:44 

3 Stars

1 - Mike McKenna (POR)
2 - Richard Bachman (SYR)
3 - Anton Zlobin (SYR)

Power Play

Crunch - 0 on 1 Attempt(s) - 0.00%
Pirates - 1 on 2 Attempt(s) - 50.00%

Penalty Kill

Crunch - 1 on 2 Attempt(s) - 50.00% - Score 0 goal in Penalty Kill
Pirates - 1 on 1 Attempt(s) - 100.00% - Score 0 goal in Penalty Kill

Team Stat

Crunch - Hits : 22 - Faceoff Wins : 22 - Blocked Shots : 13 - Penalty Minutes : 4
Pirates - Hits : 27 - Faceoff Wins : 23 - Blocked Shots : 9 - Penalty Minutes : 2

Official

Referees : Unknown
Linesman : Unknown

Game Notes

No Game Note

Finance

Level 1 -- Attendance: 1541 (77.05%) -- Ticket Income $53,935
Level 2 -- Attendance: 756 (75.60%) -- Ticket Income $11,340
Total Attendance: 2297 (76.57%)
Total Ticket Income: $65,275
Other Income: $31,985
Total Income: $97,260

Crunch

5 vs 5 Forward 
   Center                   Left Wing                Right Wing               Time % Phy DF OF 
 1 Ryan Strome              Andre Petersson          Taylor Pyatt             35     1   2  2  
 2 Corban Knight            Jordin Tootoo            Eriah Hayes              35     1   2  2  
 3 Travis Oleksuk           Stanislav Galiev         Anton Zlobin             15     1   2  2  
 4 Phillip Danault          Matt Lindblad            Brodie Reid              15     1   2  2  

5 vs 5 Defense 
   Defense                  Defense                                           Time % Phy DF OF 
 1 Danny Syvret             Chad Billins                                      34     1   2  2  
 2 Zach Trotman             Karl Stollery                                     33     1   2  2  
 3 Nick Jensen              Brett Skinner                                     33     1   2  2  
 4 Danny Syvret             Chad Billins                                      0      0   5  0  

PowerPlay Forward 
   Center                   Left Wing                Right Wing               Time % Phy DF OF 
 1 Ryan Strome              Andre Petersson          Taylor Pyatt             60     0   1  4  
 2 Corban Knight            Jordin Tootoo            Eriah Hayes              40     0   2  3  

PowerPlay Defense
   Defense                  Defense                                           Time % Phy DF OF 
 1 Danny Syvret             Chad Billins                                      60     0   2  3  
 2 Zach Trotman             Karl Stollery                                     40     0   2  3  

Penalty Kill 4 Players Forward 
   Center                   Wing                     Time % Phy DF OF 
 1 Travis Oleksuk           Stanislav Galiev         50     1   4  0  
 2 Phillip Danault          Matt Lindblad            50     1   4  0  

Penalty Kill 4 Players Defense
   Defense                  Defense                  Time % Phy DF OF 
 1 Nick Jensen              Brett Skinner            50     1   4  0  
 2 Danny Syvret             Chad Billins             50     1   4  0  

Penalty Kill - 3 Players Forward 
   Forward                                           Time % Phy DF OF 
 1 Travis Oleksuk                                    50     1   4  0  
 2 Phillip Danault                                   50     1   4  0  

Penalty Kill - 3 Players Defense
   Defense                  Defense                  Time % Phy DF OF 
 1 Nick Jensen              Brett Skinner            50     1   4  0  
 2 Danny Syvret             Chad Billins             50     1   4  0  

4 vs 4 Forward 
   Center                   Wing                     Time % Phy DF OF 
 1 Ryan Strome              Taylor Pyatt             60     0   1  4  
 2 Corban Knight            Jordin Tootoo            40     1   2  2  

4 vs 4 Defense
   Defense                  Defense                  Time % Phy DF OF 
 1 Danny Syvret             Chad Billins             50     1   2  2  
 2 Zach Trotman             Karl Stollery            50     1   2  2  

Last Minutes Offensive
   Center                   Left Wing                Right Wing               Defense                  Defense                  
   Ryan Strome              Andre Petersson          Taylor Pyatt             Danny Syvret             Chad Billins             

Last Minutes Defensive
   Center                   Left Wing                Right Wing               Defense                  Defense                  
   Corban Knight            Andre Petersson          Taylor Pyatt             Danny Syvret             Chad Billins             

Goaltenders
Starting : Richard Bachman          
Backup : John Curry               

Extra Forwards
Normal : Taylor Pyatt, Ryan Strome, Jordin Tootoo - PP : Taylor Pyatt, Ryan Strome - PK : Taylor Pyatt
Extra Defensemen
Normal : Danny Syvret, Chad Billins, Karl Stollery - PP : Danny Syvret - PK : Danny Syvret, Chad Billins
Penalty Shots
Andre Petersson, Ryan Strome, Eriah Hayes, Jordin Tootoo, Taylor Pyatt

Pirates

5 vs 5 Forward 
   Center                   Left Wing                Right Wing               Time % Phy DF OF 
 1 David Steckel            Eric Tangradi            Ryan Craig               35     1   2  2  
 2 Ryan Stoa                Nick Johnson             Brandon Segal            30     1   2  2  
 3 Tobias Rieder            Nick Johnson             Arron Asham              22     1   2  2  
 4 Alex Broadhurst          David Steckel            Greg Rallo               13     1   2  2  

5 vs 5 Defense 
   Defense                  Defense                                           Time % Phy DF OF 
 1 Vincent LoVerde          Dan Kelly                                         35     1   2  2  
 2 Andrew Alberts           Henrik Tommernes                                  30     1   2  2  
 3 Vincent LoVerde          Dan Kelly                                         22     1   2  2  
 4 Andrew Alberts           Henrik Tommernes                                  13     1   2  2  

PowerPlay Forward 
   Center                   Left Wing                Right Wing               Time % Phy DF OF 
 1 David Steckel            Eric Tangradi            Nick Johnson             60     1   2  2  
 2 Arron Asham              Ryan Craig               Brandon Segal            40     1   2  2  

PowerPlay Defense
   Defense                  Defense                                           Time % Phy DF OF 
 1 Vincent LoVerde          Dan Kelly                                         60     1   2  2  
 2 Andrew Alberts           Henrik Tommernes                                  40     1   2  2  

Penalty Kill 4 Players Forward 
   Center                   Wing                     Time % Phy DF OF 
 1 Ryan Craig               David Steckel            60     1   2  2  
 2 Brandon Segal            Eric Tangradi            40     1   2  2  

Penalty Kill 4 Players Defense
   Defense                  Defense                  Time % Phy DF OF 
 1 Dan Kelly                Vincent LoVerde          60     1   2  2  
 2 Andrew Alberts           Henrik Tommernes         40     1   2  2  

Penalty Kill - 3 Players Forward 
   Forward                                           Time % Phy DF OF 
 1 Eric Tangradi                                     60     1   2  2  
 2 David Steckel                                     40     1   2  2  

Penalty Kill - 3 Players Defense
   Defense                  Defense                  Time % Phy DF OF 
 1 Dan Kelly                Vincent LoVerde          60     1   2  2  
 2 Andrew Alberts           Henrik Tommernes         40     1   2  2  

4 vs 4 Forward 
   Center                   Wing                     Time % Phy DF OF 
 1 Tobias Rieder            David Steckel            60     1   2  2  
 2 Brandon Segal            Eric Tangradi            40     1   2  2  

4 vs 4 Defense
   Defense                  Defense                  Time % Phy DF OF 
 1 Vincent LoVerde          Dan Kelly                60     1   2  2  
 2 Andrew Alberts           Henrik Tommernes         40     1   2  2  

Last Minutes Offensive
   Center                   Left Wing                Right Wing               Defense                  Defense                  
   David Steckel            Eric Tangradi            Ryan Craig               Andrew Alberts           Henrik Tommernes         

Last Minutes Defensive
   Center                   Left Wing                Right Wing               Defense                  Defense                  
   David Steckel            Eric Tangradi            Ryan Craig               Andrew Alberts           Henrik Tommernes         

Goaltenders
Starting : Mike McKenna             
Backup : Magnus Hellberg          

Extra Forwards
Normal : Tobias Rieder, Nick Johnson, Arron Asham - PP : Tobias Rieder, Nick Johnson - PK : Arron Asham
Extra Defensemen
Normal : Vincent LoVerde, Dan Kelly, Andrew Alberts - PP : Vincent LoVerde - PK : Dan Kelly, Andrew Alberts
Penalty Shots
Nick Johnson, David Steckel, Brandon Segal, Eric Tangradi, Tobias Rieder

% Time on Ice - Crunch

Lines # - Real PCT - Wanted PCT - Time Play
Normal Forward
1 - 28% - 35% - 15:07
2 - 28% - 35% - 15:36
3 - 22% - 15% - 11:48
4 - 22% - 15% - 12:18
Normal Defense
1 - 35% - 34% - 19:24
2 - 32% - 33% - 17:31
3 - 31% - 33% - 17:02
4 - 2% - 0% - 0:52
PP Forward
1 - 55% - 60% - 1:06
2 - 45% - 40% - 0:53
PP Defense
1 - 55% - 60% - 1:06
2 - 45% - 40% - 0:53
PK Forward
1 - 59% - 50% - 1:54
2 - 41% - 50% - 1:18
PK Defense
1 - 100% - 50% - 3:12
2 - 0% - 50% - 0:00
PK3 Forward
1 - 0% - 50%
2 - 0% - 50%
PK3 Defense
1 - 0% - 50%
2 - 0% - 50%
44 Forward
1 - 100% - 60% - 5:00
2 - 0% - 40% - 0:00
44 Defense
1 - 50% - 50% - 2:30
2 - 50% - 50% - 2:30
Last Minute Offensive  - 0:00
Last Minute Defensive  - 0:00
Total
Forward - 65:00
Defense - 65:00

% Time on Ice - Pirates

Lines # - Real PCT - Wanted PCT - Time Play
Normal Forward
1 - 28% - 35% - 15:22
2 - 29% - 30% - 15:45
3 - 18% - 22% - 9:50
4 - 25% - 13% - 13:52
Normal Defense
1 - 36% - 35% - 19:49
2 - 30% - 30% - 16:35
3 - 17% - 22% - 9:31
4 - 16% - 13% - 8:54
PP Forward
1 - 38% - 60% - 1:12
2 - 63% - 40% - 2:00
PP Defense
1 - 49% - 60% - 1:35
2 - 51% - 40% - 1:37
PK Forward
1 - 100% - 60% - 1:59
2 - 0% - 40% - 0:00
PK Defense
1 - 37% - 60% - 0:44
2 - 63% - 40% - 1:15
PK3 Forward
1 - 0% - 60%
2 - 0% - 40%
PK3 Defense
1 - 0% - 60%
2 - 0% - 40%
44 Forward
1 - 87% - 60% - 4:20
2 - 13% - 40% - 0:40
44 Defense
1 - 52% - 60% - 2:35
2 - 48% - 40% - 2:25
Last Minute Offensive  - 0:00
Last Minute Defensive  - 0:00
Total
Forward - 65:00
Defense - 65:00

Play by Play

1st period


0:01 of 1st period - Ryan Strome wins face-off versus Ryan Craig in neutral zone.
1:11 of 1st period - Nick Johnson is hit by Jordin Tootoo and loses puck.
1:46 of 1st period - Slapshot by Greg Rallo.
1:46 of 1st period - Stopped by Richard Bachman with a rebound.
1:48 of 1st period - Minor Penalty to Karl Stollery for Hooking.
1:49 of 1st period - Phillip Danault wins face-off versus Arron Asham in Crunch zone.
3:05 of 1st period - Nick Jensen is hit by Brandon Segal and loses puck.
3:18 of 1st period - Wrist shot by Nick Johnson.
3:18 of 1st period - Shot Misses the Net.
3:48 of 1st period - Penalty to Karl Stollery is over, Karl Stollery is back on ice.
4:10 of 1st period - Wrist shot by Alex Broadhurst.
4:10 of 1st period - Shot Blocked by Brett Skinner.
4:12 of 1st period - Slapshot by Henrik Tommernes.
4:12 of 1st period - Stopped by Richard Bachman without a rebound.
4:13 of 1st period - Alex Broadhurst wins face-off versus Ryan Strome in Crunch zone.
4:18 of 1st period - Snap shot by Alex Broadhurst.
4:18 of 1st period - Shot Misses the Net.
4:22 of 1st period - Slapshot by Greg Rallo.
4:22 of 1st period - Stopped by Richard Bachman without a rebound.
4:23 of 1st period - Tobias Rieder wins face-off versus Ryan Strome in Crunch zone.
4:26 of 1st period - Snap shot by Tobias Rieder.
4:26 of 1st period - Shot Blocked by Andre Petersson.
4:40 of 1st period - Snap shot by Ryan Strome.
4:40 of 1st period - Shot Misses the Net.
5:14 of 1st period - Danny Syvret is hit by Greg Rallo.
5:20 of 1st period - Snap shot by Alex Broadhurst.
5:20 of 1st period - Stopped by Richard Bachman with a rebound.
6:08 of 1st period - Wrist shot by Travis Oleksuk.
6:08 of 1st period - Stopped by Mike McKenna without a rebound.
6:09 of 1st period - Ryan Stoa wins face-off versus Travis Oleksuk in Pirates zone.
7:23 of 1st period - Wrist shot by Alex Broadhurst.
7:23 of 1st period - Stopped by Richard Bachman with a rebound.
8:59 of 1st period - Snap shot by Alex Broadhurst.
8:59 of 1st period - Shot Blocked by Zach Trotman.
9:01 of 1st period - Slapshot by Dan Kelly.
9:01 of 1st period - Shot Blocked by Zach Trotman.
9:03 of 1st period - Slapshot by Vincent LoVerde.
9:03 of 1st period - Shot Misses the Net.
9:05 of 1st period - Wrist shot by Vincent LoVerde.
9:05 of 1st period - Deflect By Eriah Hayes.
9:05 of 1st period - Stopped by Richard Bachman with a rebound.
9:29 of 1st period - Slapshot by Travis Oleksuk.
9:29 of 1st period - Shot Misses the Net.
9:31 of 1st period - Wrist shot by Stanislav Galiev.
9:31 of 1st period - Shot Misses the Net.
9:33 of 1st period - Snap shot by Anton Zlobin.
9:33 of 1st period - Shot Misses the Net.
9:43 of 1st period - Wrist shot by Travis Oleksuk.
9:43 of 1st period - Shot Blocked by Dan Kelly.
9:57 of 1st period - Nick Jensen is hit by Nick Johnson.
10:17 of 1st period - Andre Petersson is hit by Vincent LoVerde and loses puck.
10:26 of 1st period - Wrist shot by Arron Asham.
10:26 of 1st period - Shot Hit the Post.
10:28 of 1st period - Slapshot by Greg Rallo.
10:28 of 1st period - Shot Misses the Net.
11:09 of 1st period - Snap shot by Ryan Craig.
11:09 of 1st period - Stopped by Richard Bachman with a rebound.
11:11 of 1st period - Snap shot by Tobias Rieder.
11:11 of 1st period - Stopped by Richard Bachman without a rebound.
11:12 of 1st period - Phillip Danault wins face-off versus Tobias Rieder in Crunch zone.
11:41 of 1st period - Wrist shot by Ryan Stoa.
11:41 of 1st period - Deflect By Arron Asham.
11:41 of 1st period - Shot Blocked by Chad Billins.
11:41 of 1st period - Puck is out of play.
11:42 of 1st period - Ryan Stoa wins face-off versus Corban Knight in Crunch zone.
12:09 of 1st period - Snap shot by Eriah Hayes.
12:09 of 1st period - Shot Misses the Net.
12:11 of 1st period - Wrist shot by Jordin Tootoo.
12:11 of 1st period - Stopped by Mike McKenna with a rebound.
12:13 of 1st period - Snap shot by Jordin Tootoo.
12:13 of 1st period - Stopped by Mike McKenna with a rebound.
12:15 of 1st period - Slapshot by Corban Knight.
12:15 of 1st period - Deflect By Eriah Hayes.
12:15 of 1st period - Shot Misses the Net.
12:15 of 1st period - Puck is out of play.
12:16 of 1st period - Alex Broadhurst wins face-off versus Travis Oleksuk in Pirates zone.
12:48 of 1st period - Stanislav Galiev is hit by Ryan Stoa and loses puck.
12:59 of 1st period - Chad Billins is hit by Ryan Craig.
13:11 of 1st period - Ryan Craig is hit by Matt Lindblad.
13:23 of 1st period - David Steckel is hit by Matt Lindblad and loses puck.
13:38 of 1st period - Ryan Craig is hit by Zach Trotman and loses puck.
13:53 of 1st period - Snap shot by Eriah Hayes.
13:53 of 1st period - Shot Misses the Net.
13:55 of 1st period - Slapshot by Zach Trotman.
13:55 of 1st period - Shot Blocked by Tobias Rieder.
13:59 of 1st period - Wrist shot by Corban Knight.
13:59 of 1st period - Stopped by Mike McKenna with a rebound.
14:01 of 1st period - Snap shot by Zach Trotman.
14:01 of 1st period - Shot Misses the Net.
14:03 of 1st period - Slapshot by Zach Trotman.
14:03 of 1st period - Deflect By Jordin Tootoo.
14:03 of 1st period - Shot Misses the Net.
14:03 of 1st period - Puck is out of play.
14:04 of 1st period - Corban Knight wins face-off versus Tobias Rieder in Pirates zone.
14:11 of 1st period - Corban Knight is hit by Henrik Tommernes and loses puck.
14:28 of 1st period - Wrist shot by Eriah Hayes.
14:28 of 1st period - Shot Misses the Net.
15:03 of 1st period - Vincent LoVerde is hit by Andre Petersson and loses puck.
15:28 of 1st period - Snap shot by Stanislav Galiev.
15:28 of 1st period - Shot Misses the Net.
15:32 of 1st period - Snap shot by Stanislav Galiev.
15:32 of 1st period - Stopped by Mike McKenna without a rebound.
15:33 of 1st period - Travis Oleksuk wins face-off versus Ryan Stoa in Pirates zone.
15:34 of 1st period - Wrist shot by Stanislav Galiev.
15:34 of 1st period - Stopped by Mike McKenna with a rebound.
16:25 of 1st period - David Steckel is hit by Phillip Danault and loses puck.
17:14 of 1st period - Wrist shot by Jordin Tootoo.
17:14 of 1st period - Stopped by Mike McKenna without a rebound.
17:15 of 1st period - Ryan Strome wins face-off versus Tobias Rieder in Pirates zone.
18:05 of 1st period - Icing by Danny Syvret.
18:06 of 1st period - Ryan Stoa wins face-off versus Travis Oleksuk in Crunch zone.
18:17 of 1st period - Snap shot by Ryan Stoa.
18:17 of 1st period - Stopped by Richard Bachman with a rebound.
18:19 of 1st period - Wrist shot by Tobias Rieder.
18:19 of 1st period - Shot Blocked by Chad Billins.
18:21 of 1st period - Snap shot by Brandon Segal.
18:21 of 1st period - Shot Blocked by Chad Billins.
Goals for this period are 0 for Crunch vs 0 for Pirates.
Shots for this period are 7 for Crunch vs 9 for Pirates.

2nd period


0:01 of 2nd period - Ryan Strome wins face-off versus David Steckel in neutral zone.
0:04 of 2nd period - Eric Tangradi is hit by Andre Petersson and loses puck.
0:58 of 2nd period - Corban Knight is hit by Tobias Rieder and loses puck.
1:09 of 2nd period - Jordin Tootoo is hit by Tobias Rieder and loses puck.
1:23 of 2nd period - Off-side.
1:24 of 2nd period - Ryan Stoa wins face-off versus Phillip Danault in neutral zone.
1:33 of 2nd period - Snap shot by Nick Johnson.
1:33 of 2nd period - Shot Misses the Net.
1:35 of 2nd period - Backhand shot by Andrew Alberts.
1:35 of 2nd period - Shot Blocked by Matt Lindblad.
1:37 of 2nd period - Snap shot by Nick Johnson.
1:37 of 2nd period - Stopped by Richard Bachman with a rebound.
1:39 of 2nd period - Slapshot by Henrik Tommernes.
1:39 of 2nd period - Shot Blocked by Phillip Danault.
2:35 of 2nd period - Slapshot by Travis Oleksuk.
2:35 of 2nd period - Deflect By Anton Zlobin.
2:35 of 2nd period - Stopped by Mike McKenna with a rebound.
2:37 of 2nd period - Slapshot by Nick Jensen.
2:37 of 2nd period - Deflect By Travis Oleksuk.
2:37 of 2nd period - Stopped by Mike McKenna with a rebound.
2:39 of 2nd period - Wrist shot by Anton Zlobin.
2:39 of 2nd period - Goal by Anton Zlobin - Crunch : 1 - Pirates : 0.
2:40 of 2nd period - Ryan Strome wins face-off versus Tobias Rieder in neutral zone.
2:56 of 2nd period - Henrik Tommernes is hit by Andre Petersson and loses puck.
3:05 of 2nd period - Snap shot by Tobias Rieder.
3:05 of 2nd period - Shot Misses the Net.
3:34 of 2nd period - Corban Knight is hit by Greg Rallo and loses puck.
3:43 of 2nd period - Jordin Tootoo is hit by Dan Kelly and loses puck.
3:57 of 2nd period - Alex Broadhurst is hit by Nick Jensen and loses puck.
4:11 of 2nd period - Icing by Greg Rallo.
4:12 of 2nd period - Travis Oleksuk wins face-off versus Alex Broadhurst in Pirates zone.
4:40 of 2nd period - Off-side.
4:41 of 2nd period - Ryan Strome wins face-off versus Ryan Stoa in neutral zone.
4:44 of 2nd period - Snap shot by Ryan Strome.
4:44 of 2nd period - Shot Misses the Net.
6:01 of 2nd period - Icing by Danny Syvret.
6:02 of 2nd period - Corban Knight wins face-off versus Tobias Rieder in Crunch zone.
6:09 of 2nd period - Icing by Tobias Rieder.
6:10 of 2nd period - Tobias Rieder wins face-off versus Phillip Danault in Pirates zone.
6:16 of 2nd period - Snap shot by Nick Johnson.
6:16 of 2nd period - Shot Misses the Net.
6:48 of 2nd period - David Steckel is hit by Brodie Reid and loses puck.
7:05 of 2nd period - Nick Johnson is hit by Andre Petersson and loses puck.
7:19 of 2nd period - Karl Stollery is hit by Ryan Stoa and loses puck.
8:09 of 2nd period - Karl Stollery is hit by Dan Kelly and loses puck.
8:34 of 2nd period - Snap shot by Travis Oleksuk.
8:34 of 2nd period - Stopped by Mike McKenna without a rebound.
8:35 of 2nd period - Travis Oleksuk wins face-off versus Alex Broadhurst in Pirates zone.
8:56 of 2nd period - Greg Rallo is hit by Travis Oleksuk and loses puck.
9:09 of 2nd period - Wrist shot by Anton Zlobin.
9:09 of 2nd period - Shot Misses the Net.
9:26 of 2nd period - Henrik Tommernes is hit by Brodie Reid and loses puck.
9:48 of 2nd period - Minor Penalty to Andrew Alberts for Holding.
9:49 of 2nd period - Ryan Strome wins face-off versus Ryan Craig in Pirates zone.
10:47 of 2nd period - Wrist shot by Corban Knight.
10:47 of 2nd period - Shot Misses the Net.
10:49 of 2nd period - Wrist shot by Corban Knight.
10:49 of 2nd period - Shot Blocked by Henrik Tommernes.
11:03 of 2nd period - Wrist shot by Eriah Hayes.
11:03 of 2nd period - Deflect By Jordin Tootoo.
11:03 of 2nd period - Shot Misses the Net.
11:03 of 2nd period - Puck is out of play.
11:04 of 2nd period - Ryan Strome wins face-off versus Ryan Craig in Pirates zone.
11:48 of 2nd period - Penalty to Andrew Alberts is over, Andrew Alberts is back on ice.
12:50 of 2nd period - Nick Jensen is hit by Andrew Alberts and loses puck.
13:48 of 2nd period - Icing by Taylor Pyatt.
13:49 of 2nd period - Tobias Rieder wins face-off versus Ryan Strome in Crunch zone.
13:52 of 2nd period - Snap shot by Tobias Rieder.
13:52 of 2nd period - Stopped by Richard Bachman with a rebound.
14:22 of 2nd period - Jordin Tootoo is hit by Alex Broadhurst and loses puck.
15:58 of 2nd period - Snap shot by Eric Tangradi.
15:58 of 2nd period - Stopped by Richard Bachman without a rebound.
15:59 of 2nd period - Ryan Strome wins face-off versus Tobias Rieder in Crunch zone.
16:06 of 2nd period - Taylor Pyatt is hit by Eric Tangradi and loses puck.
16:53 of 2nd period - Wrist shot by Jordin Tootoo.
16:53 of 2nd period - Shot Misses the Net.
17:31 of 2nd period - Anton Zlobin is hit by David Steckel and loses puck.
17:46 of 2nd period - Snap shot by Anton Zlobin.
17:46 of 2nd period - Stopped by Mike McKenna with a rebound.
17:48 of 2nd period - Snap shot by Nick Jensen.
17:48 of 2nd period - Stopped by Mike McKenna without a rebound.
17:49 of 2nd period - Phillip Danault wins face-off versus Alex Broadhurst in Pirates zone.
17:58 of 2nd period - Slapshot by Matt Lindblad.
17:58 of 2nd period - Shot Misses the Net.
18:00 of 2nd period - Snap shot by Phillip Danault.
18:00 of 2nd period - Deflect By Brodie Reid.
18:00 of 2nd period - Shot Misses the Net.
18:00 of 2nd period - Puck is out of play.
18:01 of 2nd period - Ryan Stoa wins face-off versus Phillip Danault in Pirates zone.
18:14 of 2nd period - Slapshot by Phillip Danault.
18:14 of 2nd period - Deflect By Arron Asham.
18:14 of 2nd period - Shot Blocked by Brandon Segal.
18:14 of 2nd period - Puck is out of play.
18:15 of 2nd period - Ryan Strome wins face-off versus Ryan Stoa in Pirates zone.
18:22 of 2nd period - Snap shot by Taylor Pyatt.
18:22 of 2nd period - Shot Misses the Net.
18:41 of 2nd period - Ryan Strome is hit by Duncan Siemens and loses puck.
19:24 of 2nd period - Vincent LoVerde is hit by Jordin Tootoo.
Goals for this period are 1 for Crunch vs 0 for Pirates.
Shots for this period are 6 for Crunch vs 3 for Pirates.

3rd period


0:01 of 3rd period - David Steckel wins face-off versus Ryan Strome in neutral zone.
0:06 of 3rd period - Taylor Pyatt is hit by Ryan Craig and loses puck.
0:19 of 3rd period - Nick Jensen is hit by Ryan Craig and loses puck.
0:26 of 3rd period - Backhand shot by Ryan Craig.
0:26 of 3rd period - Stopped by Richard Bachman with a rebound.
0:28 of 3rd period - Wrist shot by Ryan Craig.
0:28 of 3rd period - Shot Blocked by Taylor Pyatt.
0:46 of 3rd period - Wrist shot by Tobias Rieder.
0:46 of 3rd period - Shot Blocked by Taylor Pyatt.
0:48 of 3rd period - Wrist shot by Arron Asham.
0:48 of 3rd period - Shot Blocked by Andre Petersson.
1:51 of 3rd period - Off-side.
1:52 of 3rd period - Alex Broadhurst wins face-off versus Brodie Reid in neutral zone.
2:01 of 3rd period - Snap shot by Matt Lindblad.
2:01 of 3rd period - Shot Misses the Net.
2:03 of 3rd period - Slapshot by Danny Syvret.
2:03 of 3rd period - Shot Misses the Net.
2:39 of 3rd period - Chad Billins is hit by Vincent LoVerde and loses puck.
2:51 of 3rd period - Minor Penalty to Danny Syvret for High sticking.
2:52 of 3rd period - Travis Oleksuk wins face-off versus Arron Asham in Crunch zone.
3:28 of 3rd period - Slapshot by Ryan Craig.
3:28 of 3rd period - Shot Blocked by Nick Jensen.
4:04 of 3rd period - Snap shot by Eric Tangradi.
4:04 of 3rd period - Goal by Eric Tangradi - Crunch : 1 - Pirates : 1.
4:05 of 3rd period - Ryan Stoa wins face-off versus Corban Knight in neutral zone.
4:28 of 3rd period - Karl Stollery is hit by Henrik Tommernes and loses puck.
5:16 of 3rd period - Snap shot by Tobias Rieder.
5:16 of 3rd period - Stopped by Richard Bachman with a rebound.
5:24 of 3rd period - Icing by Arron Asham.
5:25 of 3rd period - Tobias Rieder wins face-off versus Matt Lindblad in Pirates zone.
5:25 of 3rd period - Tobias Rieder is hit by Nick Jensen.
5:31 of 3rd period - Snap shot by Arron Asham.
5:31 of 3rd period - Stopped by Richard Bachman without a rebound.
5:32 of 3rd period - Alex Broadhurst wins face-off versus Matt Lindblad in Crunch zone.
5:56 of 3rd period - Matt Lindblad is hit by Alex Broadhurst.
6:10 of 3rd period - Slapshot by Brodie Reid.
6:10 of 3rd period - Stopped by Mike McKenna with a rebound.
6:28 of 3rd period - Slapshot by Jordin Tootoo.
6:28 of 3rd period - Deflect By Eriah Hayes.
6:28 of 3rd period - Shot Blocked by Nick Johnson.
6:28 of 3rd period - Puck is out of play.
6:29 of 3rd period - Corban Knight wins face-off versus David Steckel in Pirates zone.
6:32 of 3rd period - Snap shot by Eriah Hayes.
6:32 of 3rd period - Stopped by Mike McKenna without a rebound.
6:33 of 3rd period - David Steckel wins face-off versus Eriah Hayes in Pirates zone.
6:54 of 3rd period - Snap shot by Jordin Tootoo.
6:54 of 3rd period - Stopped by Mike McKenna with a rebound.
6:56 of 3rd period - Slapshot by Jordin Tootoo.
6:56 of 3rd period - Shot Misses the Net.
6:58 of 3rd period - Slapshot by Danny Syvret.
6:58 of 3rd period - Stopped by Mike McKenna without a rebound.
6:59 of 3rd period - Ryan Stoa wins face-off versus Ryan Strome in Pirates zone.
7:05 of 3rd period - Backhand shot by Ryan Strome.
7:05 of 3rd period - Stopped by Mike McKenna with a rebound.
7:07 of 3rd period - Backhand shot by Brett Skinner.
7:07 of 3rd period - Deflect By Ryan Strome.
7:07 of 3rd period - Shot Blocked by Henrik Tommernes.
7:07 of 3rd period - Puck is out of play.
7:08 of 3rd period - Taylor Pyatt wins face-off versus Ryan Stoa in Pirates zone.
7:17 of 3rd period - Slapshot by Taylor Pyatt.
7:17 of 3rd period - Shot Misses the Net.
7:19 of 3rd period - Snap shot by Taylor Pyatt.
7:19 of 3rd period - Shot Blocked by Andrew Alberts.
7:25 of 3rd period - Snap shot by Ryan Strome.
7:25 of 3rd period - Shot Misses the Net.
8:44 of 3rd period - Snap shot by Tobias Rieder.
8:44 of 3rd period - Stopped by Richard Bachman with a rebound.
9:08 of 3rd period - Snap shot by Travis Oleksuk.
9:08 of 3rd period - Stopped by Mike McKenna with a rebound.
9:10 of 3rd period - Slapshot by Anton Zlobin.
9:10 of 3rd period - Shot Misses the Net.
9:12 of 3rd period - Slapshot by Zach Trotman.
9:12 of 3rd period - Stopped by Mike McKenna with a rebound.
9:28 of 3rd period - Wrist shot by Matt Lindblad.
9:28 of 3rd period - Stopped by Mike McKenna with a rebound.
10:04 of 3rd period - Snap shot by Greg Rallo.
10:04 of 3rd period - Shot Misses the Net.
10:06 of 3rd period - Wrist shot by David Steckel.
10:06 of 3rd period - Shot Misses the Net.
10:12 of 3rd period - Backhand shot by Greg Rallo.
10:12 of 3rd period - Stopped by Richard Bachman with a rebound.
10:32 of 3rd period - Ryan Strome is hit by Andrew Alberts and loses puck.
11:39 of 3rd period - Brandon Segal is hit by Brett Skinner and loses puck.
12:16 of 3rd period - Henrik Tommernes is hit by Chad Billins.
12:20 of 3rd period - Ryan Craig is hit by Stanislav Galiev and loses puck.
12:48 of 3rd period - Slapshot by Nick Johnson.
12:48 of 3rd period - Shot Misses the Net.
13:28 of 3rd period - Greg Rallo is hit by Eriah Hayes.
15:08 of 3rd period - Andrew Alberts is hit by Ryan Strome and loses puck.
15:36 of 3rd period - Wrist shot by Brandon Segal.
15:36 of 3rd period - Shot Misses the Net.
15:38 of 3rd period - Wrist shot by Brandon Segal.
15:38 of 3rd period - Shot Misses the Net.
15:40 of 3rd period - Snap shot by Brandon Segal.
15:40 of 3rd period - Stopped by Richard Bachman without a rebound.
15:41 of 3rd period - Ryan Stoa wins face-off versus Travis Oleksuk in Crunch zone.
16:17 of 3rd period - Slapshot by Phillip Danault.
16:17 of 3rd period - Shot Misses the Net.
16:19 of 3rd period - Backhand shot by Phillip Danault.
16:19 of 3rd period - Shot Misses the Net.
16:21 of 3rd period - Snap shot by Phillip Danault.
16:21 of 3rd period - Deflect By Nick Johnson.
16:21 of 3rd period - Shot Blocked by Ryan Stoa.
16:21 of 3rd period - Puck is out of play.
16:22 of 3rd period - Matt Lindblad wins face-off versus Ryan Stoa in Pirates zone.
16:41 of 3rd period - Slapshot by Nick Johnson.
16:41 of 3rd period - Deflect By Arron Asham.
16:41 of 3rd period - Stopped by Richard Bachman with a rebound.
17:41 of 3rd period - Brett Skinner is hit by Dan Kelly and loses puck.
Goals for this period are 0 for Crunch vs 1 for Pirates.
Shots for this period are 8 for Crunch vs 8 for Pirates.

Overtime #1


0:01 of 1st overtime period - Tobias Rieder wins face-off versus Ryan Strome in neutral zone.
0:32 of 1st overtime period - Wrist shot by Tobias Rieder.
0:32 of 1st overtime period - Shot Misses the Net.
0:34 of 1st overtime period - Wrist shot by Vincent LoVerde.
0:34 of 1st overtime period - Stopped by Richard Bachman without a rebound.
0:35 of 1st overtime period - Tobias Rieder wins face-off versus Ryan Strome in Crunch zone.
0:51 of 1st overtime period - Andrew Alberts is hit by Taylor Pyatt and loses puck.
1:16 of 1st overtime period - Wrist shot by Taylor Pyatt.
1:16 of 1st overtime period - Shot Misses the Net.
1:23 of 1st overtime period - Icing by David Steckel.
1:24 of 1st overtime period - Tobias Rieder wins face-off versus Ryan Strome in Pirates zone.
1:24 of 1st overtime period - Tobias Rieder is hit by Chad Billins.
2:01 of 1st overtime period - Slapshot by Chad Billins.
2:01 of 1st overtime period - Stopped by Mike McKenna without a rebound.
2:02 of 1st overtime period - Nick Johnson wins face-off versus Jordin Tootoo in Pirates zone.
2:23 of 1st overtime period - Snap shot by Jordin Tootoo.
2:23 of 1st overtime period - Stopped by Mike McKenna with a rebound.
2:31 of 1st overtime period - Wrist shot by Phillip Danault.
2:31 of 1st overtime period - Stopped by Mike McKenna with a rebound.
3:38 of 1st overtime period - Phillip Danault is hit by Eric Tangradi and loses puck.
3:51 of 1st overtime period - Karl Stollery is hit by Vincent LoVerde and loses puck.
4:14 of 1st overtime period - Snap shot by Arron Asham.
4:14 of 1st overtime period - Stopped by Richard Bachman without a rebound.
4:15 of 1st overtime period - Ryan Strome wins face-off versus Nick Johnson in Crunch zone.
4:57 of 1st overtime period - Wrist shot by Matt Lindblad.
4:57 of 1st overtime period - Deflect By Corban Knight.
4:57 of 1st overtime period - Shot Blocked by Henrik Tommernes.
4:57 of 1st overtime period - Puck is out of play.
4:58 of 1st overtime period - Tobias Rieder wins face-off versus Jordin Tootoo in Pirates zone.
Goals for this period are 0 for Crunch vs 0 for Pirates.
Shots for this period are 3 for Crunch vs 2 for Pirates.

ShootOut


5:00 of 1st overtime period - Penalty Shot by Andre Petersson for Crunch.
5:00 of 1st overtime period - Backhand shot by Andre Petersson.
5:00 of 1st overtime period - Stopped by Mike McKenna.
5:00 of 1st overtime period - Penalty Shot by Nick Johnson for Pirates.
5:00 of 1st overtime period - Backhand shot by Nick Johnson.
5:00 of 1st overtime period - Goal by Nick Johnson.
5:00 of 1st overtime period - Penalty Shot by Ryan Strome for Crunch.
5:00 of 1st overtime period - Wrist shot by Ryan Strome.
5:00 of 1st overtime period - Stopped by Mike McKenna.
5:00 of 1st overtime period - Penalty Shot by David Steckel for Pirates.
5:00 of 1st overtime period - Wrist shot by David Steckel.
5:00 of 1st overtime period - Stopped by Richard Bachman.
5:00 of 1st overtime period - Penalty Shot by Eriah Hayes for Crunch.
5:00 of 1st overtime period - Deke by Eriah Hayes.
5:00 of 1st overtime period - Goal by Eriah Hayes.
5:00 of 1st overtime period - Penalty Shot by Brandon Segal for Pirates.
5:00 of 1st overtime period - Deke by Brandon Segal.
5:00 of 1st overtime period - Goal by Brandon Segal.


Output by the SimonT Hockey Simulator (STHS) for Eric Dolegowski -- Original Page W3C XHTML 1.0 Valid
Hockey Simulator - Hockey Simulation - Hockey Manager